 Dungeon Crawl Stone Soup version 0.20-a0-850-ge5a7832 (webtiles) character file.

4458 Wendigo the Grappler (level 10, -6/98 HPs)
             Began as a Troll Monk on Mar 10, 2017.
             Was a Believer of Fedhas.
             Mangled by an unseen horror (10 damage)
             ... on level 11 of the Dungeon.
             The game lasted 00:26:57 (7492 turns).

Wendigo the Grappler (Troll Monk)                   Turns: 7492, Time: 00:26:58

Health: -6/98      AC:  5    Str: 22    XL:     10   Next: 15%
Magic:  12/12      EV: 11    Int: 11    God:    Fedhas [**....]
Gold:   394        SH: 17    Dex: 14    Spells: 9/9 levels left

rFire    + . .     SeeInvis .     - Unarmed
rCold    + + .     Gourm    +   a - +0 robe
rNeg     . . .     Faith    .   D - +2 shield of Resistance {rF+ rC+ MR+}
rPois    .         Spirit   .   (helmet restricted)
rElec    .         Reflect  +   G - scarf {rC+}
rCorr    .         Harm     .   (gloves unavailable)
MR       +....                  (boots unavailable)
Stlth    ++........             q - +5 amulet of reflection
Regen    0.7/turn               r - +5 ring of intelligence
MPRegen  0.2/turn               v - ring of flight

@: no status effects
A: unfitting armour, claws 3, fast metabolism 3, gourmand, regeneration 1,
shaggy fur 1, tough skin 2
a: Fungal Bloom, Evolution, Sunlight, Renounce Religion, Evoke Flight


You were on level 11 of the Dungeon.
You worshipped Fedhas.
Fedhas was pleased with you.
You were full.

You visited 2 branches of the dungeon, and saw 13 of its levels.

You collected 548 gold pieces.
You spent 154 gold pieces at shops.

Inventory:

Armour
 a - a +0 robe (worn)
 f - a +1 cloak
 D - the +2 shield of Resistance (worn) {rF+ rC+ MR+}
   (You found it on level 7 of the Dungeon)

   It protects you from fire.
   It protects you from cold.
   It affects your resistance to hostile enchantments.
 G - a scarf of cold resistance (worn)
Jewellery
 j - an uncursed ring of magical power {unknown}
 q - a +5 amulet of reflection (around neck)
 r - a +5 ring of intelligence (right claw)
 v - a ring of flight (left claw)
Wands
 g - a wand of confusion (24/48)
 h - a wand of digging (12/24)
 s - a wand of digging (7/24)
 F - a wand of lightning (8/15)
Scrolls
 c - 3 scrolls of fog
 d - 3 scrolls of amnesia
 o - 6 scrolls of remove curse
 u - a scroll of fear
 y - 2 scrolls of enchant armour
 C - 4 scrolls of identify
 H - a scroll of enchant weapon {unknown}
Potions
 l - a potion of invisibility {unknown}
 m - 2 potions of haste
 n - 4 potions of flight
 p - 2 potions of brilliance
 t - a potion of might
 w - 5 potions of curing {unknown}
 z - 2 potions of resistance
 A - a potion of degeneration {unknown}
 B - a potion of ambrosia {unknown}
Books
 E - a book of Callings

   Spells                             Type                      Level
   a - Summon Small Mammal            Summoning                    1
   b - Call Imp                       Summoning                    2
   c - Call Canine Familiar           Summoning                    3
   d - Summon Guardian Golem          Hexes/Summoning              3
   e - Summon Lightning Spire         Summoning/Air                4
   f - Summon Ice Beast               Ice/Summoning                4
Comestibles
 b - 8 bread rations
 i - 7 royal jellies
 k - 10 meat rations
 x - 5 fruits


   Skills:
 + Level 5.8 Fighting
 + Level 5.7 Dodging
 - Level 1.0 Stealth
 + Level 4.8 Shields
 * Level 9.3 Unarmed Combat
 + Level 4.7 Invocations


You had 9 spell levels left.
You didn't know any spells.

Dungeon Overview and Level Annotations

Branches:
Dungeon (13/15)            Temple (1/1) D:6
   Lair: D:8-11         Orc: D:9-12      Vaults: D:13-14

Altars:
Ashenzari
Cheibriados
Elyvilon
Fedhas
Gozag
Hepliaklqana
Kikubaaqudgha
Makhleb
Nemelex Xobeh
Okawaru
Qazlal
Sif Muna
Trog
Uskayaw
Vehumet
Wu Jian
Xom
Yredelemnul
Zin
The Shining One

Shops:
D:5 *=

Annotations:
D:11 exclusion: gargoyle


Innate Abilities, Weirdness & Mutations

You are too large for most types of armour.
You have claws for hands.
Your metabolism is lightning-fast.
You like to eat raw meat.
Your natural rate of healing is unusually fast.
You are covered in fur. (AC +1)
You have very tough skin. (AC +2)


Message History

The centaur unwields an uncursed shortbow.
You block the centaur's attack.
You barely miss the centaur.
The centaur is heavily wounded.
Something hits you!
* * * LOW HITPOINT WARNING * * *
You block the centaur's attack.
You scratch the centaur.
The centaur is heavily wounded.
Something hits you.
* * * LOW HITPOINT WARNING * * *
You block the centaur's attack. The yak gores you!
* * * LOW HITPOINT WARNING * * *
You scratch the centaur.
The centaur is severely wounded.
Something hits you.
* * * LOW HITPOINT WARNING * * *
Something hits you!
You die...
Fedhas appreciates your contribution to the ecosystem.

...####Y#.#
....
#.....##...
...# #.#.#
...
#.....##.##
#### #.#.#
#
#.....##..#
###Y#.#
#..........
#..(.o#####
#......#..#
#.....Y...#
#####..#...
#....####.#
#..##..
#....#
##o######
#..##..
#....#
#...Y@c.#
#...##.
###+##
#.......#
#####.f.##(
+.......#
#........##
#.......#
#........##
#.......#
#.........#
#.......#
#.........#
#.......#
#........##
#.......#
#.....(..##
#.......##.


You could see a yak, a centaur and an orc priest.

Vanquished Creatures
  An unseen horror (D:12)
  A komodo dragon (D:11)
  A wraith (D:11)
  A human (D:7)
  4 hogs (D:7)
  2 black bears
  3 ice beasts
  A phantom (D:11)
  2 ogres
  2 centaurs
  2 bullfrogs
  A big kobold (D:7)
  A scorpion (D:5)
  7 killer bees
  A water moccasin skeleton (D:4)
  The ghost of hittembot the Shield-Bearer, a weakling FoFi (D:4)
  3 wights (D:8)
  A crimson imp (D:4)
  6 hounds
  2 orc priests
  3 bullfrog skeletons (D:6)
  A centaur skeleton (D:4)
  Jessica (D:2)
  3 orc wizards
  4 iguanas
  2 worker ants
  A hound skeleton (D:5)
  Robin (D:2)
  6 gnolls
  9 adders
  2 shadow imps
  A white imp (D:4)
  An ooze (D:1)
  2 adder skeletons
  2 worms (D:2)
  3 dart slugs
  6 leopard geckos
  14 orcs
  5 giant cockroaches
  22 goblins
  8 hobgoblins
  3 jackals (D:1)
  A quokka (D:4)
  A ball python (D:1)
  A ball python skeleton (D:5)
  A bat (D:3)
  5 frilled lizards
  A jackal zombie (D:6)
  11 kobolds
  A leopard gecko skeleton (D:7)
  4 rats
169 creatures vanquished.

Vanquished Creatures (collateral kills)
  An orc warrior (Temple)
  2 ogres (D:8)
  3 bullfrogs (D:8)
  A wight (D:8)
  2 killer bees (D:11)
  A quasit (Temple)
  An orc wizard (D:8)
  A leopard gecko (D:8)
  3 orcs (D:8)
  A kobold (D:7)
16 creatures vanquished.

Vanquished Creatures (others)
  2 wandering mushrooms (D:11)
  A worker ant (D:7)
  A quokka (D:7)
  27 toadstools
31 creatures vanquished.

Grand Total: 216 creatures vanquished

Notes
Turn   | Place    | Note
-------+----------+-------------------------------------------
     0 | D:1      | Wendigo the Troll Monk began the quest for the Orb.
     0 | D:1      | Reached XP level 1. HP: 22/22 MP: 0/0
   124 | D:1      | Reached XP level 2. HP: 29/29 MP: 1/1
   813 | D:1      | Reached XP level 3. HP: 31/36 MP: 2/2
  1019 | D:2      | Found a shattered altar of Ashenzari.
  1023 | D:2      | Noticed Jessica
  1054 | D:2      | Noticed Robin
  1181 | D:2      | Killed Jessica
  1181 | D:2      | Reached skill level 4 in Unarmed Combat
  1181 | D:2      | Reached XP level 4. HP: 21/44 MP: 3/3
  1330 | D:2      | Reached skill level 1 in Shields
  1510 | D:2      | Killed Robin
  1510 | D:2      | Reached XP level 5. HP: 42/53 MP: 4/4
  2044 | D:3      | Found a white marble altar of Elyvilon.
  2198 | D:3      | Found a blossoming altar of Fedhas.
  2216 | D:3      | Became a worshipper of Fedhas Madash
  2216 | D:3      | Reached * piety under Fedhas
  2216 | D:3      | Reached ** piety under Fedhas
  2462 | D:4      | Noticed hittembot's ghost (weakling FoFi)
  2470 | D:4      | Killed hittembot's ghost
  2473 | D:4      | Reached XP level 6. HP: 16/61 MP: 5/5
  2664 | D:4      | Reached skill level 5 in Unarmed Combat
  2668 | D:4      | Reached skill level 1 in Invocations
  2718 | D:4      | Found a hide-covered altar of Uskayaw.
  2970 | D:5      | Entered Level 5 of the Dungeon
  3185 | D:5      | Found Qoanuet's Assorted Antiques.
  3197 | D:5      | Bought a glowing sapphire amulet for 110 gold pieces
  3197 | D:5      | Bought a scroll labeled TAARGH UWKIETRIGA for 22 gold pieces
  3197 | D:5      | Bought a scroll labeled PIRPHOFERI for 22 gold pieces
  3328 | D:5      | Reached XP level 7. HP: 61/67 MP: 7/7
  3400 | D:5      | Found Xavole's Jewellery Shop.
  3606 | D:5      | Found a snail-covered altar of Cheibriados.
  3609 | D:5      | Found an ornate altar of the Wu Jian Council.
  3836 | D:6      | Reached skill level 6 in Unarmed Combat
  4012 | D:6      | Found a staircase to the Ecumenical Temple.
  4022 | Temple   | Entered the Ecumenical Temple
  4133 | D:6      | Found a bloodstained altar of Trog.
  4221 | D:6      | Reached XP level 8. HP: 54/78 MP: 8/8
  4659 | D:6      | Reached skill level 7 in Unarmed Combat
  5004 | D:7      | Reached XP level 9. HP: 34/87 MP: 10/10
  5221 | D:7      | Found a shimmering altar of Xom.
  5285 | D:7      | Reached skill level 8 in Unarmed Combat
  5286 | D:7      | Reached skill level 5 in Fighting
  5293 | D:7      | Found a radiant altar of Vehumet.
  5755 | D:8      | Reached skill level 5 in Dodging
  6328 | D:8      | Found a snail-covered altar of Cheibriados.
  6631 | D:9      | Found an opulent altar of Gozag.
  6658 | D:9      | You fall through a shaft for 3 floors!
  6706 | D:12     | Killed an unseen horror
  6706 | D:12     | Reached skill level 9 in Unarmed Combat
  6779 | D:12     | Noticed a red ugly thing
  6939 | D:12     | Reached XP level 10. HP: 98/98 MP: 12/12
  7085 | D:11     | Noticed a gargoyle
  7492 | D:11     | HP: 4/98 [something (6)]
  7492 | D:11     | Mangled by an unseen horror

Vault maps used:
D:1:      sevenhm_arrival_forest_fort_large_3
D:2:      evilmike_ruin_ashenzari, uniq_jessica, uniq_robin
D:3:      fedhas_altar_3, marbit_many_paths
D:4:      nicolae_overflow_hidden_temple, first_bread, minmay_fire_ice_demons
D:5:      minmay_diamond_boxcup, lemuel_crystal_altar, serial_shops, shop,
          nicolae_shop_overgrown_old_shop, st_stairs_7, kennysheep_slug_shrine
D:6:      nicolae_overflow_crystal_walls, temple_fountains
D:7:      xom_confusion_cloud, old_standard_altar, grunt_livestock
D:8:      basic_altar
D:9:      nicolae_ru_great_annihilating_truth, lemuel_round_altar,
          grunt_dithmenos_smoke_and_mirrors, lair_entry_dummy, serial_shops,
          shop
D:11:     kennysheep_orc_monster_closet_entryway, minmay_misc_feat_x
D:13:     evilmike_diamond_1, erik_vaults_2
Temple:   cyrus_temple_forest

Skill      XL: |  1  2  3  4  5  6  7  8  9 |
---------------+----------------------------+-----
Unarmed Combat | 4 5 6 7 9 |  9.3
Shields        | 1 2 3 4 |  4.8
Fighting       | 3 4 5 |  5.8
Dodging        | 3 4 5 |  5.7
Invocations    | 1 2 3 4 |  4.7
Stealth        | |  1.0

Action                   |  1- 3 |  4- 6 |  7- 9 | 10-12 || total
-------------------------+-------+-------+-------+-------++-------
Melee: Unarmed           |    90 |   131 |   258 |    39 ||   518
       Punch             |       |     5 |     6 |       ||    11
Invok: Fungal Bloom      |       |     1 |    16 |     1 ||    18
       Evolution         |       |       |     8 |       ||     8
  Use: Scroll            |       |    19 |     1 |       ||    20
       Potion            |       |       |     2 |     1 ||     3
 Stab: Sleeping          |     2 |     1 |     4 |       ||     7
  Eat: Chunk             |    16 |    20 |    29 |     5 ||    70
Armor: Robe              |    29 |    36 |    76 |     4 ||   145
Dodge: Dodged            |    49 |    67 |   131 |     4 ||   251
Block: Other             |       |       |    40 |       ||    40
       Shield            |       |       |    81 |    30 ||   111
       Reflection        |       |       |     5 |     2 ||     7
